 Dungeon Crawl Stone Soup version 0.20-a0-901-g27f6fa8 (webtiles) character file.

30198 4thArraOfDagon the Blocker (level 13, 0/101 HPs)
             Began as a Formicid Wanderer on Mar 19, 2017.
             Was a High Priest of Qazlal.
             Slain by an alligator simulacrum (19 damage)
             ... in an ice cave.
             The game lasted 00:42:44 (8262 turns).

4thArraOfDagon the Blocker (Formicid Wanderer)      Turns: 8262, Time: 00:42:44

Health: 0/101      AC: 24    Str: 24    XL:     13   Next: 86%
Magic:  23/23      EV:  9    Int: 15    God:    Qazlal [*****.]
Gold:   415        SH: 18    Dex: 11    Spells: 12/12 levels left

rFire    . . .     SeeInvis +   K - +3 flail (freeze)
rCold    . . .     Gourm    .   s - +4 plate armour
rNeg     + . .     Faith    .   x - +0 buckler
rPois    .         Spirit   .   (helmet unavailable)
rElec    .         Reflect  .   F - +0 cloak
rCorr    .         Harm     .   q - +0 pair of gloves
MR       +....                  g - +2 pair of boots
Stlth    ..........             W - amulet of regeneration
Regen    0.7/turn               V - ring of wizardry
MPRegen  0.2/turn               r - ring of positive energy

@: repel missiles
A: permanent stasis, dig shafts and tunnels, four strong arms, antennae 3,
talons 2, large bone plates 1, thin skeletal structure 1, agile 1, high mp 1,
strong 1
a: Dig, Shaft Self, Upheaval, Elemental Force, Disaster Area, Renounce Religion


You were in an ice cave.
You worshipped Qazlal.
Qazlal was extremely pleased with you.
You were not hungry.

You visited 1 branch of the dungeon, and saw 15 of its levels.
You also visited: Sewer, Ossuary and Ice Cave.

You collected 715 gold pieces.
You spent 300 gold pieces at shops.

Inventory:

Hand Weapons
 E - a +4 quarterstaff of chaos
 J - a +0 battleaxe of chaos
 K - a +3 flail of freezing (weapon)
Missiles
 h - 6 poisoned javelins
 B - 7 steel tomahawks (quivered)
Armour
 c - a +0 ring mail
 g - a +2 pair of boots (worn)
 j - a +1 helmet
 q - a +0 pair of gloves (worn)
 s - a +4 plate armour (worn)
 t - a +0 plate armour
 x - a +0 buckler (worn)
 C - the +2 robe of Limited Liability {+Inv rC++ Str-2 Int+2 Slay+2, unknown}
   (You found it on level 14 of the Dungeon)

   It affects your strength (-2).
   It affects your intelligence (+2).
   It affects your accuracy and damage with ranged weapons and melee attacks
   (+2).
   It greatly protects you from cold.
   It lets you turn invisible.
 F - a +0 cloak (worn)
 U - a +1 chain mail of poison resistance
 Y - +0 acid dragon scales
Jewellery
 m - an uncursed ring of stealth
 r - a ring of positive energy (left hand)
 V - a ring of wizardry (right hand)
 W - an amulet of regeneration (around neck)
Wands
 a - a wand of polymorph (14/24)
 d - a wand of random effects (20/48)
 N - a wand of acid (1/15)
 O - a wand of disintegration (10/24)
 R - a wand of digging (12/24)
 Z - a wand of iceblast (6/15)
Scrolls
 b - 3 scrolls of immolation
 e - 12 scrolls of teleportation
 k - 3 scrolls of recharging
 l - 3 scrolls of fear
 A - 3 scrolls of blinking
 G - 2 scrolls of magic mapping
 M - 5 scrolls of remove curse
 X - 2 scrolls of enchant weapon
Potions
 i - a potion of haste
 n - 6 potions of heal wounds
 o - 8 potions of curing
 p - 2 potions of might
 u - 5 potions of lignification
 v - a potion of degeneration
 z - 2 potions of flight
 D - a potion of agility
 H - 4 potions of magic
 I - 2 potions of resistance
 L - 2 potions of brilliance
 P - 3 potions of invisibility
 Q - a potion of ambrosia
 T - a potion of berserk rage
Comestibles
 f - 5 bread rations
 w - 4 meat rations
 y - 3 chunks of flesh
 S - 8 royal jellies


   Skills:
 - Level 9.0 Fighting
 * Level 11.0 Maces & Flails
   Level 1.0 Polearms
   Level 2.0 Crossbows
 + Level 9.6 Armour
 + Level 5.5 Dodging
 - Level 1.2 Stealth
 * Level 13.6 Shields
 + Level 11.1 Invocations
 - Level 2.1 Evocations


You had 12 spell levels left.
You didn't know any spells.

Dungeon Overview and Level Annotations

Branches:
Dungeon (15/15)            Temple (0/1) D:7            Lair (0/6) D:9
 Vaults (0/5) D:13         Depths (0/5) D:15
    Orc: D:9-12

Altars:
Ashenzari
Dithmenos
Elyvilon
Qazlal
Trog
Xom
Yredelemnul

Shops:
D:5 =   D:9 =   D:11 [

Annotations:
D:3 4thArraOfDagon's ghost, weakling FoWn


Innate Abilities, Weirdness & Mutations

You cannot be hasted, slowed, berserked, paralysed or teleported.
You can dig through walls and to a lower floor.
Your four strong arms can wield two-handed weapons with a shield.
You have a pair of large antennae on your head. (SInv)
You have razor-sharp toenails.
You are partially covered in large bone plates. (SH +4)
You have a somewhat thin skeletal structure. (Dex +2, Stealth)
You are agile. (Dex +2)
You have an increased reservoir of magic. (+10% MP)
Your muscles are strong. (Str +2)


Message History

The alligator simulacrum completely misses you.
You hit the alligator simulacrum but do no damage.
The alligator simulacrum is lightly damaged.
You sock the alligator simulacrum!
The alligator simulacrum is moderately damaged.
The alligator simulacrum bites you but does no damage.
The alligator simulacrum tail-slaps you.
The alligator simulacrum freezes you!!
You hit the alligator simulacrum.
The alligator simulacrum is moderately damaged.
The alligator simulacrum bites you! The alligator simulacrum freezes you!!
* * * LOW HITPOINT WARNING * * *
The alligator simulacrum barely misses you.
You are too injured to fight recklessly!
You are too injured to fight recklessly!
Unknown command.
You feel much better. The alligator simulacrum bites you!
* * * LOW HITPOINT WARNING * * *
The alligator simulacrum freezes you!!
You die...

#...#
##Z..##
##.....##
#...∩...#
#..Z....#
##Z.∩..##
##{#...##
#Z######
##@# ###


You could see an alligator simulacrum.

Vanquished Creatures
  Snorg (D:14)
  An ogre mage (D:14)
  A yaktaur captain (D:13)
  2 centaur warriors
  5 two-headed ogres
  2 unseen horrors
  Pikel (D:8)
  2 manticores
  2 ugly things
  An elephant (D:9)
  2 gargoyles
  4 centaur zombies
  A kobold demonologist (D:14)
  2 yaktaurs (D:13)
  5 trolls
  3 meliai (D:15)
  A queen bee (D:8)
  A hornet (D:12)
  4 slime creatures (D:12)
  A wyvern (D:9)
  2 shadows
  A vampire (D:13)
  2 wraiths
  Sigmund (D:2)
  4 basilisks
  16 yaks
  3 hungry ghosts
  3 vampire mosquitoes (D:13)
  2 acid dragons
  A soldier ant (D:14)
  A water moccasin (D:14)
  Duvessa (D:6)
  5 sky beasts
  2 black bears (D:7)
  12 ice beasts
  7 orc warriors
  2 slaves (D:8)
  An eye of draining (D:13)
  3 phantoms
  5 ogres
  11 centaurs
  2 big kobolds
  11 bullfrogs
  2 elf zombies (Ossuary)
  A wyvern skeleton (D:6)
  Dowan (D:6)
  4 scorpions
  17 killer bees
  10 wights (D:6)
  4 howler monkeys
  7 electric eels
  13 crimson imps
  3 human zombies (Ossuary)
  A quasit (D:13)
  A jelly (D:5)
  A bullfrog zombie (D:13)
  4 hounds
  7 orc priests
  A bullfrog skeleton (D:7)
  3 centaur skeletons
  Crazy Yiuf (D:2)
  Jessica (D:2)
  Ijyb (D:2)
  6 iguanas
  11 orc wizards
  5 worker ants
  A killer bee zombie (D:8)
  A wolf simulacrum (IceCv)
  2 big kobold zombies (Ossuary)
  2 mummies (Ossuary)
  A howler monkey zombie (D:6)
  2 worker ant zombies
  2 gnolls
  A howler monkey skeleton (D:11)
  13 adders
  5 river rats (Sewer)
  A shadow imp (D:7)
  2 white imps (D:12)
  An ooze (D:7)
  2 adder zombies (Ossuary)
  4 adder skeletons
  A dart slug (D:1)
  5 leopard geckos
  39 orcs
  11 giant cockroaches
  8 goblins
  2 hobgoblins
  24 jackals
  3 quokkas
  13 ball pythons
  10 bats
  10 frilled lizards
  11 hobgoblin zombies (Ossuary)
  A jackal zombie (Ossuary)
  19 kobolds
  8 kobold zombies (Ossuary)
  7 orc zombies (Ossuary)
  A quokka skeleton (D:4)
  32 rats
  A spectral orc (D:4)
  A plant (D:14)
492 creatures vanquished.

Vanquished Creatures (others)
  A slave (D:8)
  A black bear (D:8)
  3 plants (D:14)
5 creatures vanquished.

Grand Total: 497 creatures vanquished

Notes
Turn   | Place    | Note
-------+----------+-------------------------------------------
     0 | D:1      | 4thArraOfDagon the Formicid Wanderer began the quest for the Orb.
     0 | D:1      | 4thArraOfDagon set off with: a +2 dagger, a potion of heal wounds, a +0 ring mail, a wand of random effects (15/48), a bread ration
     0 | D:1      | Reached XP level 1. HP: 20/20 MP: 2/2
    13 | D:1      | You fall through a shaft!
    17 | D:3      | Found a glowing drain.
    77 | D:3      | Found a stormy altar of Qazlal.
    83 | D:3      | Became a worshipper of Qazlal Stormbringer
   126 | Sewer    | Entered a sewer
   170 | Sewer    | Reached XP level 2. HP: 26/26 MP: 3/3
   208 | Sewer    | Reached skill level 5 in Fighting
   298 | Sewer    | 4thArraOfDagon: this looks least reasonable combo
   338 | Sewer    | Reached XP level 3. HP: 32/33 MP: 4/4
   498 | Sewer    | Reached XP level 4. HP: 11/40 MP: 5/5
   501 | Sewer    | Reached * piety under Qazlal
  1180 | Sewer    | Reached XP level 5. HP: 20/47 MP: 6/6
  1326 | Sewer    | Noticed a bullfrog
  1337 | Sewer    | Killed a bullfrog
  1340 | Sewer    | Reached XP level 6. HP: 49/55 MP: 7/7
  1578 | D:3      | Noticed 4thArraOfDagon's ghost (weakling FoWn)
  1802 | D:3      | Reached ** piety under Qazlal
  1943 | D:2      | Found a shadowy altar of Dithmenos.
  1957 | D:2      | Noticed Sigmund
  2008 | D:2      | Killed Sigmund
  2008 | D:2      | Reached XP level 7. HP: 36/61 MP: 9/9
  2167 | D:2      | Noticed Jessica
  2180 | D:2      | Killed Jessica
  2205 | D:2      | Found a white marble altar of Elyvilon.
  2286 | D:2      | Noticed Ijyb
  2301 | D:2      | Killed Ijyb
  2564 | D:1      | Reached skill level 1 in Shields
  2577 | D:1      | Reached *** piety under Qazlal
  2753 | D:2      | Found a runed door.
  2757 | D:2      | Noticed Crazy Yiuf
  2764 | D:2      | Killed Crazy Yiuf
  2795 | D:2      | Gained mutation: You are partially covered in large bone plates. (SH +4) [potion of mutation]
  2795 | D:2      | Gained mutation: You are weak. (Str -2) [potion of mutation]
  2795 | D:2      | Gained mutation: You are agile. (Dex +2) [potion of mutation]
  2795 | D:2      | Gained mutation: You have sharp toenails. [potion of mutation]
  2913 | D:4      | Reached skill level 2 in Shields
  3006 | D:4      | Reached XP level 8. HP: 45/68 MP: 11/11
  3049 | D:4      | Reached skill level 3 in Shields
  3159 | D:4      | Found a basalt altar of Yredelemnul.
  3283 | D:5      | Entered Level 5 of the Dungeon
  3283 | D:5      | Found Sarisoid's Jewellery Emporium.
  3325 | D:5      | Reached skill level 4 in Shields
  3423 | D:5      | Found a sand-covered staircase.
  3430 | Ossuary  | Entered an ossuary
  3500 | Ossuary  | Reached **** piety under Qazlal
  3515 | Ossuary  | Reached skill level 5 in Invocations
  3552 | Ossuary  | Reached skill level 5 in Shields
  3678 | D:5      | Found a shattered altar of Ashenzari.
  3687 | D:5      | Reached XP level 9. HP: 75/75 MP: 11/13
  3770 | D:6      | Reached skill level 6 in Shields
  3811 | D:6      | Reached skill level 1 in Maces & Flails
  3811 | D:6      | Reached skill level 5 in Armour
  3876 | D:6      | Noticed Duvessa
  3877 | D:6      | Noticed Dowan
  3883 | D:6      | Killed Dowan
  3883 | D:6      | Reached skill level 7 in Shields
  3895 | D:6      | Killed Duvessa
  4017 | D:7      | Found a bloodstained altar of Trog.
  4033 | D:7      | Found a staircase to the Ecumenical Temple.
  4106 | D:7      | Reached ***** piety under Qazlal
  4200 | D:7      | Reached XP level 10. HP: 83/83 MP: 13/15
  4267 | D:6      | Reached skill level 8 in Shields
  4416 | D:7      | Gained mutation: You have razor-sharp toenails. [mutagenic meat]
  4514 | D:8      | Reached skill level 5 in Maces & Flails
  4514 | D:8      | Reached skill level 9 in Shields
  4515 | D:8      | Noticed Pikel
  4529 | D:8      | Killed Pikel
  4754 | D:8      | Gained mutation: You have a somewhat thin skeletal structure. (Dex +2, Stealth) [mutagenic meat]
  4756 | D:8      | Gained mutation: Your body sometimes deteriorates upon taking damage. [mutagenic meat]
  4758 | D:8      | Gained mutation: Your system is resistant to poisons. (rPois) [mutagenic meat]
  4820 | D:9      | Found a shimmering altar of Xom.
  4853 | D:9      | Reached XP level 11. HP: 70/89 MP: 17/17
  4895 | D:9      | Noticed an elephant
  4917 | D:9      | Noticed a two-headed ogre
  4921 | D:9      | Reached skill level 10 in Shields
  4922 | D:9      | Killed a two-headed ogre
  4930 | D:9      | Killed an elephant
  4968 | D:9      | Lost mutation: Your body sometimes deteriorates upon taking damage. [potion of mutation]
  4968 | D:9      | Lost mutation: You are weak. (Str -2) [potion of mutation]
  4968 | D:9      | Lost mutation: Your system is resistant to poisons. (rPois) [potion of mutation]
  4968 | D:9      | Gained mutation: You have an increased reservoir of magic. (+10% MP) [potion of mutation]
  4968 | D:9      | Gained mutation: Your muscles are strong. (Str +2) [potion of mutation]
  5045 | D:9      | Found a staircase to the Lair.
  5158 | D:9      | Found Fiuwnapp's Jewellery Boutique.
  5344 | D:5      | Bought an uncursed amulet of regeneration for 300 gold pieces
  5465 | D:10     | Entered Level 10 of the Dungeon
  5473 | D:10     | Noticed a two-headed ogre
  5477 | D:10     | Noticed a two-headed ogre
  5478 | D:10     | Killed a two-headed ogre
  5486 | D:10     | Killed a two-headed ogre
  5486 | D:10     | Reached skill level 1 in Dodging
  5625 | D:10     | Reached skill level 11 in Shields
  5710 | D:11     | Found Vajiden's Armour Boutique.
  5726 | D:11     | Noticed a two-headed ogre
  5733 | D:11     | Killed a two-headed ogre
  5838 | D:11     | Noticed a skeletal warrior
  5839 | D:11     | Noticed a manticore
  5847 | D:11     | Noticed a skeletal warrior
  5910 | D:10     | Noticed a purple ugly thing
  5918 | D:10     | Killed a purple ugly thing
  5972 | D:10     | Reached XP level 12. HP: 95/95 MP: 20/20
  6333 | D:11     | Noticed an unseen horror
  6338 | D:11     | Killed an unseen horror
  6530 | D:12     | Reached skill level 12 in Shields
  6552 | D:12     | Noticed an unseen horror
  6559 | D:12     | Killed an unseen horror
  6984 | D:13     | Noticed a centaur warrior
  6996 | D:13     | Killed a centaur warrior
  6996 | D:13     | Reached skill level 10 in Invocations
  7079 | D:13     | Identified the Guide on Spatial Conjuration
  7095 | D:13     | Reached XP level 13. HP: 99/101 MP: 22/22
  7195 | D:13     | Noticed a yaktaur captain
  7223 | D:13     | Killed a yaktaur captain
  7223 | D:13     | Reached skill level 10 in Maces & Flails
  7237 | D:13     | Found a gate to the Vaults.
  7502 | D:14     | Noticed Snorg
  7512 | D:14     | Killed Snorg
  7512 | D:14     | Reached skill level 13 in Shields
  7640 | D:14     | Reached skill level 5 in Dodging
  7672 | D:14     | Noticed an ogre mage
  7679 | D:14     | Killed an ogre mage
  7691 | D:14     | Got a colourful robe
  8033 | D:15     | Entered Level 15 of the Dungeon
  8038 | D:15     | Noticed a centaur warrior
  8049 | D:15     | Killed a centaur warrior
  8103 | D:15     | Found a frozen archway.
  8247 | IceCv    | Entered an ice cave
  8262 | IceCv    | Slain by an alligator simulacrum

Vault maps used:
D:1:      onia_arrival_pyramid
D:2:      wad_lake_hut, nicolae_dithmenos_shadow_blocks, lemuel_doored_altar,
          uniq_crazy_yiuf_cottage, uniq_sigmund, uniq_iyjb, uniq_jessica
D:3:      grunt_qazlal_clouds, gup_sewer_entry_glass, first_bread
D:4:      yredelemnul_forgotten_temple_becter, hex_intersection, sigmund_army
D:5:      serial_shops, shop_statue, chequers_ossuary_entry_cave,
          nicolae_ashenzari_panopticon
D:6:      kennysheep_generic_room_4, uniq_duvessa
D:7:      trog_ov_bears_minmay, minmay_temple_entry_statues
D:8:      david_nohive_1, minmay_misc_feat_alley, uniq_pikel
D:9:      xom_teletrap_fun, david_lair_generic, serial_shops,
          nicolae_shop_crystal
D:10:     minmay_misc_feat_ornament, kennysheep_flooded_box, minivault_25
D:11:     erik_orc_2, serial_shops, nicolae_shop_trees
D:12:     minmay_nine_imps
D:13:     david_vaults_2
D:14:     serial_bayou_lagoon_a, kennysheep_inner_square, uniq_snorg
D:15:     grunt_enter_depths_magical_seal, portal_ice_cave_entry_ice_beasts
Sewer:    sewer_minmay_w
Ossuary:  ossuary_tomb_1
IceCv:    ice_cave_small_necro

Skill      XL: |  1  2  3  4  5  6  7  8  9 10 11 12 13 |
---------------+----------------------------------------+-----
Fighting       | 5 6 7 8 9 |  9.0
Invocations    | 2 3 4 5 6 8 9 10 11 | 11.1
Armour         | 2 3 4 5 6 7 8 9 |  9.6
Shields        | 2 5 7 9 11 12 13 | 13.6
Maces & Flails | 3 6 8 9 11 | 11.0
Dodging        | 2 4 5 |  5.5
Polearms       | |  1.0
Crossbows      | |  2.0
Stealth        | |  1.2
Evocations     | |  2.1

Action                   |  1- 3 |  4- 6 |  7- 9 | 10-12 | 13-15 || total
-------------------------+-------+-------+-------+-------+-------++-------
Melee: Dagger            |   132 |   218 |    64 |       |       ||   414
       Flail             |       |       |   212 |   696 |   357 ||  1265
       Quarterstaff      |       |       |   192 |       |       ||   192
Invok: Upheaval          |       |       |       |    14 |       ||    14
       Disaster Area     |       |       |       |     1 |       ||     1
       Elemental Force   |       |       |       |       |     1 ||     1
 Abil: Dig               |     5 |     9 |    40 |    28 |    17 ||    99
       Shaft Self        |     1 |       |       |       |       ||     1
Evoke: Wand              |       |     6 |     2 |    10 |       ||    18
  Use: Scroll            |     2 |     2 |    13 |     9 |     6 ||    32
       Potion            |     2 |     3 |     1 |     2 |     1 ||     9
 Stab: Paralysed         |       |     3 |     1 |       |       ||     4
       Confused          |       |       |       |     1 |       ||     1
       Distracted        |       |       |       |       |     2 ||     2
  Eat: Chunk             |       |     9 |    13 |    18 |     7 ||    47
       Royal jelly       |       |       |     1 |     4 |       ||     5
Armor: Ring mail         |    48 |   114 |   101 |       |       ||   263
       Plate armour      |       |       |   151 |   331 |   138 ||   620
Dodge: Dodged            |    53 |   120 |   117 |   119 |    69 ||   478
       Deflected         |       |       |       |     4 |     3 ||     7
Block: Other             |       |    18 |     2 |       |       ||    20
       Buckler           |       |       |   260 |   537 |   312 ||  1109
